 Dungeon Crawl Stone Soup version 0.29.1-2-gbd0b4ee654 (webtiles) character file.

Game seed: 8160083167653609203

326 NinjaNoafa the Vexing (level 6, -1/28 HPs)
             Began as a Spriggan Enchanter on Nov 16, 2022.
             Slain by a kobold
             ... wielding a +0 club
              (2 damage)
             ... on level 3 of the Dungeon.
             The game lasted 00:05:25 (2870 turns).

NinjaNoafa the Vexing (Spriggan Enchanter)          Turns: 2870, Time: 00:05:25

Health: -1/28      AC:  2    Str:  4    XL:     6   Next: 24%
Magic:  3/11       EV: 18    Int: 19    God:
Gold:   89         SH:  0    Dex: 21    Spells: 8/10 levels left

rFire   . . .      SeeInvis +   a - +1 dagger
rCold   . . .      Faith    .   (no shield)
rNeg    . . .      Spirit   .   b - +0 robe
rPois   .          Reflect  .   (helmet restricted)
rElec   .          Harm     .   (no cloak)
rCorr   .          Rampage  .   (gloves unavailable)
Will    +....                   (boots unavailable)
Stlth   +++.......              j - amulet of magic regeneration
HPRegen 0.09/turn               l - +6 ring of dexterity
MPRegen 0.52/turn               r - +4 ring of slaying

@: invisible, very quick
A: very small, no large weapons, unfitting armour, see invisible, speed 3
a: no special abilities


You were on level 3 of the Dungeon.
You visited 1 branch of the dungeon, and saw 3 of its levels.

You collected 89 gold pieces.

Inventory:

Hand Weapons
 a - a +1 dagger (weapon)
Missiles
 k - 7 stones
 q - 3 poisoned darts (quivered)
Armour
 b - a +0 robe (worn)
 w - a +0 troll leather armour {Pargi}
Jewellery
 j - an amulet of magic regeneration (around neck)
 l - a +6 ring of dexterity (left hand)
 n - a ring of protection from fire
 r - a +4 ring of slaying (right hand)
 v - an amulet of regeneration
Wands
 u - a wand of light (4)
Scrolls
 d - 4 scrolls of teleportation {unknown}
 f - 2 scrolls of fear {unknown}
 g - a scroll of vulnerability {unknown}
 i - a scroll of torment {unknown}
 o - a scroll of identify {unknown}
 s - a scroll of enchant weapon {unknown}
 t - a scroll of noise {unknown}
Potions
 c - a potion of invisibility
 e - a potion of might {unknown}
 h - a potion of degeneration {unknown}
 m - a potion of curing {unknown}
 p - a potion of magic {unknown}


   Skills:
 + Level 3.1 Short Blades
 - Level 3.0 Dodging
 - Level 4.4 Stealth
 - Level 2.6 Spellcasting
 - Level 7.0 Hexes
 - Level 2.0 Ice Magic


You had 8 spell levels left.
You knew the following spells:

 Your Spells              Type           Power      Damage    Failure   Level
a - Ensorcelled Hibernat  Hex/Ice        38%        N/A       3%          2

Your spell library contained the following spells:

 Spells                   Type           Power      Damage    Failure   Level
 Confusing Touch          Hex            29%        N/A       2%          3
 Tukima's Dance           Hex            29%        N/A       2%          3
 Dazzling Flash           Conj/Hex       30%        N/A       11%         3


Dungeon Overview and Level Annotations

Branches:
Dungeon (3/15)

Altars:
Zin

Annotations:
D:3 Jessica


Innate Abilities, Weirdness & Mutations

You are very small and have problems with some larger weapons.
You are too small for most types of armour.
You have supernaturally acute eyesight. (SInv)
You cover ground extremely quickly. (Speed+++)


Message History

Confirm with . or Enter, or press ? or * to list all spells.
Aiming: Ensorcelled Hibernation (safe; 3% risk of failure)
Press: ? - help, Shift-Dir - straight line, f - Jessica
Aim: Jessica, wielding a +0 dagger and wearing a +1 robe of willpower (fast, chance to affect: 26%) Jessica resists with almost no effort.
The kobold shouts!
Jessica hits you with a +0 dagger.
Casting: Ensorcelled Hibernation (safe; 3% risk of failure)
Confirm with . or Enter, or press ? or * to list all spells.
Aiming: Ensorcelled Hibernation (safe; 3% risk of failure)
Press: ? - help, Shift-Dir - straight line, f/p - Jessica
Aim: Jessica, wielding a +0 dagger and wearing a +1 robe of willpower (fast, chance to affect: 26%) Jessica resists with almost no effort.
The goblin shouts!
Jessica hits you with a +0 dagger. x2
Casting: Ensorcelled Hibernation (safe; 3% risk of failure)
Confirm with . or Enter, or press ? or * to list all spells.
Aiming: Ensorcelled Hibernation (safe; 3% risk of failure)
Press: ? - help, Shift-Dir - straight line, f/p - Jessica
Aim: Jessica, wielding a +0 dagger and wearing a +1 robe of willpower (fast, chance to affect: 26%) Jessica resists with almost no effort.
Jessica hits you with a +0 dagger.
Casting: Ensorcelled Hibernation (safe; 3% risk of failure)
Confirm with . or Enter, or press ? or * to list all spells.
Aiming: Ensorcelled Hibernation (safe; 3% risk of failure)
Press: ? - help, Shift-Dir - straight line, f/p - Jessica
Aim: Jessica, wielding a +0 dagger and wearing a +1 robe of willpower (fast, chance to affect: 26%) Jessica resists with almost no effort.
Jessica barely misses you. Jessica casts a spell at you.
Pain shoots through your body!
* * * LOW HITPOINT WARNING * * *
Casting: Ensorcelled Hibernation (safe; 3% risk of failure)
Confirm with . or Enter, or press ? or * to list all spells.
Aiming: Ensorcelled Hibernation (safe; 3% risk of failure)
Press: ? - help, Shift-Dir - straight line, f/p - Jessica
Aim: Jessica, wielding a +0 dagger and wearing a +1 robe of willpower (fast, chance to affect: 26%) Jessica resists with almost no effort.
Jessica misses you. The kobold closely misses you.
You fade into invisibility!
Jessica closely misses you. The kobold hits you with a +0 club.
You die...

########## #. #..
####...## #.# #
#..$†....... #..
###.###.#.##.#.###
###
≈~~~......##.#...
..≈≈~≈............
####~≈~.#.####...#.
##≈#.#.# #.##
###.#.# #.#.#


You could see Jessica (fast, unable to see you), an endoplasm and a kobold
(unable to see you).

Vanquished Creatures
  An ice beast (D:3)
  Pargi (D:3)
  Ijyb (D:3)
  An iguana (D:3)
  3 adders
  3 worms (D:2)
  2 dart slugs
  An orc (D:3)
  4 ball pythons
  2 bats (D:1)
  2 endoplasms (D:2)
  7 giant cockroaches
  3 goblins
  3 hobgoblins (D:2)
  2 jackals (D:2)
  4 kobolds
  2 quokkas
  A frilled lizard (D:1)
  13 rats
56 creatures vanquished.

Notes
Turn   | Place    | Note
-------+----------+-------------------------------------------
     0 | D:1      | NinjaNoafa the Spriggan Enchanter began the quest for the
                  | Orb.
     0 | D:1      | Reached XP level 1. HP: 9/9 MP: 5/5
   211 | D:1      | Reached XP level 2. HP: 13/13 MP: 6/6
  1220 | D:2      | Reached XP level 3. HP: 16/16 MP: 8/8
  1377 | D:2      | Found a glowing silver altar of Zin.
  1663 | D:2      | Reached skill level 4 in Hexes
  1819 | D:2      | Reached skill level 1 in Ice Magic
  1952 | D:2      | Reached XP level 4. HP: 18/21 MP: 9/9
  2180 | D:2      | Found a faded altar of an unknown god.
  2355 | D:3      | Noticed an ice beast
  2358 | D:3      | Killed an ice beast
  2359 | D:3      | Reached skill level 5 in Hexes
  2359 | D:3      | Reached XP level 5. HP: 24/24 MP: 10/10
  2361 | D:3      | Noticed Pargi
  2437 | D:3      | Noticed Ijyb
  2442 | D:3      | Killed Ijyb
  2611 | D:3      | Reached skill level 6 in Hexes
  2797 | D:3      | Learned a level 2 spell: Ensorcelled Hibernation
  2843 | D:3      | Noticed Jessica
  2859 | D:3      | Killed Pargi
  2860 | D:3      | Reached skill level 7 in Hexes
  2860 | D:3      | Reached XP level 6. HP: 28/28 MP: 9/11
  2868 | D:3      | HP: 1/28 [Jessica/nerve-wracking pain (12)]
  2870 | D:3      | Slain by a kobold

Illustrated notes

Levels and vault maps discovered:
D:1:      dpeg_arrival_prison, layout_basic
D:2:      layout_basic, ebering_ecumenical_altar_webs, basic_altar
D:3:      layout_loops_ring, serial_rivers, chequers_serial_rivers_micro_a,
          chequers_serial_rivers_small_a, chequers_serial_rivers_large_b,
          chequers_serial_rivers_micro_b, chequers_serial_rivers_micro_a,
          corexii_shack, amcnicky_mini_corridor_feature, uniq_jessica,
          uniq_ijyb, uniq_pargi

Skill      XL: |  1  2  3  4  5 |
---------------+----------------+-----
Dodging        | 3 |  3.0
Short Blades   | 2 3 |  3.1
Hexes          | 4 5 7 |  7.0
Ice Magic      | 1 2 |  2.0
Stealth        | |  4.4
Spellcasting   | |  2.6

Action                   |  1- 3 |  4- 6 || total
-------------------------+-------+-------++-------
Melee: Dagger            |   131 |    22 ||   153
Throw: Dart              |       |     3 ||     3
 Cast: Ensorcelled Hiber |       |     8 ||     8
Evoke: Wand              |       |     1 ||     1
  Use: Potion            |       |     1 ||     1
 Stab: Sleeping          |    13 |     6 ||    19
Armor: Robe              |     7 |     1 ||     8
Dodge: Dodged            |    76 |    18 ||    94
